 Dungeon Crawl Stone Soup version 0.21.1-1-g345015f (webtiles) character file.

6976 suicidejoker the Covered (level 10, -17/76 HPs)
             Began as a Demonspawn Fighter on May 14, 2018.
             Was an Elder of Okawaru.
             Killed by the air
             ... invoked by Gastronok
              (26 damage)
             ... on level 9 of the Dungeon.
             The game lasted 00:26:40 (9689 turns).

suicidejoker the Covered (Demonspawn Fighter)       Turns: 9689, Time: 00:26:41

Health: -17/76     AC: 24    Str: 18    XL:     10   Next: 81%
Magic:  12/12      EV:  9    Int: 11    God:    Okawaru [****..]
Gold:   459        SH: 11    Dex: 17    Spells: 9/9 levels left

rFire    + . .     SeeInvis .   y - +1 long sword (freeze)
rCold    . . .     Gourm    .   c - +0 shield
rNeg     . . .     Faith    .   A - +0 plate armour
rPois    +         Spirit   .   r - +2 hat
rElec    .         Reflect  .   p - +0 cloak
rCorr    .         Harm     .   h - +2 pair of gloves
MR       .....                  w - +0 pair of boots
Stlth    ..........             (no amulet)
HPRegen  0.22/turn              I - ring of protection from fire
MPRegen  0.13/turn              N - +3 ring of protection

@: slowed, very slow
A: antennae 2, agile 1, poison resistance, powered by death 1, strong 1, rot
immunity, sturdy frame 2
a: Heroism, Renounce Religion


You were on level 9 of the Dungeon.
You worshipped Okawaru.
Okawaru was greatly pleased with you.
You were hungry.

You visited 2 branches of the dungeon, and saw 10 of its levels.

You collected 459 gold pieces.

Inventory:

Hand Weapons
 a - a +0 trident
 d - a +2 mace of protection
 l - a +1 dagger of speed
 t - a +2 scythe of flaming
 y - a +1 long sword of freezing (weapon)
 F - a +1 shortbow of flaming
 G - a cursed +0 great sword
 K - a +1 flail of protection
 P - a +2 trident of venom
 Q - a +3 dagger of chaos
Missiles
 g - 28 poisoned needles
 i - 50 bolts
 j - 412 stones
 k - 163 arrows
 H - 5 tomahawks (quivered)
Armour
 c - a +0 shield (worn)
 h - a +2 pair of gloves (worn)
 p - a +0 cloak (worn)
 r - a +2 hat (worn)
 w - a +0 pair of boots (worn)
 x - a +1 ring mail of positive energy
 A - a +0 plate armour (worn)
Jewellery
 b - an uncursed ring of protection from cold
 n - an uncursed ring of poison resistance
 s - an uncursed ring of ice
 u - an uncursed ring of magical power
 z - an uncursed ring of magical power
 B - an uncursed ring of resist corrosion
 D - an uncursed ring of protection from magic
 I - a ring of protection from fire (left hand)
 N - a +3 ring of protection (right hand)
Scrolls
 e - 5 scrolls of remove curse
 o - 2 scrolls of magic mapping
 q - 4 scrolls of teleportation
 C - 6 scrolls of identify
 L - a scroll of fog
Potions
 v - 2 potions of brilliance
 E - a potion of flight
Books
 M - a book of Changes

   Spells                             Type                      Level
   a - Beastly Appendage              Transmutation                1
   b - Sticks to Snakes               Transmutation                2
   c - Spider Form                    Transmutation/Poison         3
   d - Ice Form                       Ice/Transmutation            4
   e - Blade Hands                    Transmutation                5
Comestibles
 f - 10 rations
 m - 4 chunks of flesh


   Skills:
 + Level 6.0 Fighting
 * Level 5.7 Long Blades
 - Level 3.3 Polearms
 + Level 2.7 Bows
 * Level 7.1 Armour
 * Level 6.4 Dodging
 + Level 4.9 Stealth
 * Level 7.1 Shields
 + Level 3.6 Invocations


You had 9 spell levels left.
You didn't know any spells.

Dungeon Overview and Level Annotations

Branches:
Dungeon (9/15)             Temple (1/1) D:5            Lair (0/6) D:8
    Orc: D:9-12

Altars:
Ashenzari
Cheibriados
Dithmenos
Elyvilon
Fedhas
Gozag
Hepliaklqana
Kikubaaqudgha
Makhleb
Nemelex Xobeh
Okawaru
Qazlal
Ru
Sif Muna
Trog
Uskayaw
Vehumet
Wu Jian
Xom
Yredelemnul
Zin
The Shining One

Annotations:
D:4 Tiocfaidh's ghost, amateur DgFE
D:9 Gastronok


Innate Abilities, Weirdness & Mutations

You have a pair of antennae on your head.
You regenerate a little health from kills.
You are immune to rotting.
Your movements are less encumbered by armour. (ER -4)
You are agile. (Dex +2)
Your system is resistant to poisons. (rPois)
Your muscles are strong. (Str +2)


Message History

The rat misses you. Gastronok completely misses you.
You block the rat's attack.
You slash Gastronok! You freeze Gastronok.
Gastronok is almost dead.
The rat bites you but does no damage. The rat closely misses you.
Gastronok bites you. You block the rat's attack.
You hit Gastronok. You freeze Gastronok.
Gastronok is almost dead.
You block the rat's attack. The rat barely misses you.
The rat bites you but does no damage.
Gastronok waves his eye-stalks in wide circles.
The air twists around and strikes you!
* * * LOW HITPOINT WARNING * * *
The rat closely misses you.
You hit Gastronok. You freeze Gastronok.
Gastronok is almost dead.
You block the rat's attack.
The rat bites you but does no damage. x2
Gastronok waves his eye-stalks in wide circles.
The air twists around and strikes you!
You die...

#.. # ..# ## ..# #.
#..###### ######.
####.......# ##......
#......b...# #.......
#.....rwrb# ##.......
#.@# #........ ##.##
##........ #..#
#.........
##.######.........
#................
#................
#########..#####.........
#..........# ##........
#..........## #........


You could see Gastronok, 2 bats and 2 rats.

Vanquished Creatures
  2 two-headed ogres
  Psyche (D:8)
  A troll (D:8)
  3 hippogriffs (D:8)
  Sigmund (D:2)
  A hungry ghost (D:8)
  An ice beast (D:7)
  3 orc warriors
  2 ogres
  2 sky beasts (D:6)
  A necrophage (D:2)
  5 wolves (D:8)
  4 centaurs
  2 big kobolds (D:8)
  A crocodile (D:9)
  3 bullfrogs
  A wyvern zombie (D:8)
  A gnoll sergeant (D:7)
  5 scorpions
  4 wights (D:8)
  3 howler monkeys (D:9)
  3 electric eels (D:8)
  3 crimson imps
  A quasit (D:9)
  4 centaur skeletons
  6 hounds
  5 orc priests
  Crazy Yiuf (D:4)
  10 orc wizards
  A bullfrog skeleton (D:5)
  2 iguanas
  5 worker ants
  A hound zombie (D:5)
  9 adders
  8 gnolls
  A shadow imp (D:5)
  An ooze (D:1)
  4 worms
  2 dart slugs
  7 leopard geckos
  39 orcs
  3 ball pythons
  5 giant cockroaches
  8 goblins
  7 hobgoblins
  23 jackals
  20 kobolds
  A quokka (D:6)
  7 bats
  6 frilled lizards
  A jackal zombie (D:7)
  A quokka skeleton (D:5)
  13 rats
255 creatures vanquished.

Vanquished Creatures (others)
  A gnoll (D:7)
  A quokka (D:6)
2 creatures vanquished.

Grand Total: 257 creatures vanquished

Notes
Turn   | Place    | Note
-------+----------+-------------------------------------------
     0 | D:1      | suicidejoker the Demonspawn Fighter began the quest for the Orb.
     0 | D:1      | Reached XP level 1. HP: 18/18 MP: 1/1
    41 | D:1      | Gained mutation: You are immune to rotting. [demonic ancestry]
    41 | D:1      | Reached XP level 2. HP: 10/24 MP: 2/2
   663 | D:1      | Reached XP level 3. HP: 29/29 MP: 3/3
   893 | D:2      | Noticed Sigmund
   904 | D:2      | Gained mutation: You are agile. (Dex +2) [potion of mutation]
   904 | D:2      | Gained mutation: You have an increased reservoir of magic. (+10% MP) [potion of mutation]
   905 | D:2      | HP: 1/29 [leopard gecko (1)]
   927 | D:3      | HP: 1/29 [orc/club (3)]
   928 | D:3      | Lost mutation: You have an increased reservoir of magic. (+10% MP) [potion of mutation]
   928 | D:3      | Gained mutation: Your muscles are strong. (Str +2) [potion of mutation]
   928 | D:3      | Gained mutation: Your system is resistant to poisons. (rPois) [potion of mutation]
   928 | D:3      | Gained mutation: You have a pair of small horns on your head. [potion of mutation]
   931 | D:3      | Reached skill level 1 in Dodging
  1468 | D:3      | Reached XP level 4. HP: 32/35 MP: 4/4
  1644 | D:3      | Reached skill level 1 in Stealth
  1785 | D:3      | Found an opulent altar of Gozag.
  1942 | D:3      | Lost mutation: You have a pair of small horns on your head. [demonic ancestry]
  1942 | D:3      | Gained mutation: You have a pair of small antennae on your head. [demonic ancestry]
  1942 | D:3      | Reached XP level 5. HP: 31/41 MP: 5/5
  2635 | D:2      | Noticed a necrophage
  2653 | D:2      | Killed a necrophage
  2653 | D:2      | Gained mutation: Your movements are slightly less encumbered by armour. (ER -2) [demonic ancestry]
  2653 | D:2      | Reached XP level 6. HP: 29/48 MP: 6/6
  2837 | D:2      | Found a hide-covered altar of Uskayaw.
  3144 | D:2      | Killed Sigmund
  3659 | D:4      | Gained mutation: Your movements are less encumbered by armour. (ER -4) [demonic ancestry]
  3659 | D:4      | Reached XP level 7. HP: 46/53 MP: 7/7
  3826 | D:4      | Reached skill level 1 in Long Blades
  4159 | D:4      | Noticed Tiocfaidh's ghost (amateur DgFE)
  4485 | D:4      | Found a shadowy altar of Dithmenos.
  4804 | D:4      | Found a runed door.
  4808 | D:4      | Noticed Crazy Yiuf
  4815 | D:4      | Killed Crazy Yiuf
  4974 | D:5      | Entered Level 5 of the Dungeon
  5237 | D:5      | Gained mutation: You regenerate a little health from kills. [demonic ancestry]
  5237 | D:5      | Reached XP level 8. HP: 60/60 MP: 8/8
  5320 | D:5      | Found an ancient bone altar of Kikubaaqudgha.
  5695 | D:5      | Found a staircase to the Ecumenical Temple.
  5706 | Temple   | Entered the Ecumenical Temple
  5740 | Temple   | Became a worshipper of Warmaster Okawaru
  5931 | D:6      | Reached skill level 5 in Shields
  5948 | D:6      | Reached skill level 5 in Armour
  5968 | D:6      | Reached * piety under Okawaru
  6179 | D:6      | Found a white marble altar of Elyvilon.
  6528 | D:6      | Reached XP level 9. HP: 61/67 MP: 9/9
  7348 | D:7      | Found a burning altar of Makhleb.
  7414 | D:7      | Reached skill level 5 in Fighting
  7863 | D:8      | Noticed a two-headed ogre
  7871 | D:8      | Killed a two-headed ogre
  7871 | D:8      | Reached ** piety under Okawaru
  7871 | D:8      | Reached skill level 1 in Bows
  7871 | D:8      | Reached skill level 5 in Dodging
  7871 | D:8      | Reached skill level 1 in Invocations
  7913 | D:8      | Noticed Psyche
  7960 | D:8      | Killed Psyche
  7963 | D:8      | Gained mutation: You have a pair of antennae on your head. [demonic ancestry]
  7963 | D:8      | Reached XP level 10. HP: 69/74 MP: 8/11
  8036 | D:8      | Reached skill level 5 in Long Blades
  8044 | D:8      | Reached *** piety under Okawaru
  8209 | D:8      | Found a staircase to the Lair.
  8928 | D:8      | Found an ornate altar of the Wu Jian Council.
  9430 | D:9      | Noticed a two-headed ogre
  9447 | D:9      | Killed a two-headed ogre
  9447 | D:9      | Reached **** piety under Okawaru
  9447 | D:9      | Received a gift from Okawaru
  9659 | D:9      | Noticed Gastronok
  9689 | D:9      | Killed from afar by Gastronok

Skill      XL: |  1  2  3  4  5  6  7  8  9 10 |
---------------+-------------------------------+-----
Polearms       | 2 3 |  3.3
Shields        | 3 4 5 6 7 |  7.1
Dodging        | 1 2 3 4 5 6 |  6.4
Armour         | 3 4 5 6 7 |  7.1
Stealth        | 1 2 3 4 |  4.9
Fighting       | 4 5 6 |  6.0
Long Blades    | 2 3 4 5 |  5.7
Bows           | 1 2 |  2.7
Invocations    | 2 3 |  3.6

Action                   |  1- 3 |  4- 6 |  7- 9 | 10-12 || total
-------------------------+-------+-------+-------+-------++-------
Melee: Trident           |   163 |   182 |       |       ||   345
       Headbutt          |    10 |     9 |       |       ||    19
       Long sword        |       |    19 |   477 |   279 ||   775
Throw: Stone             |       |     3 |       |       ||     3
       Tomahawk          |       |       |     1 |       ||     1
Invok: Heroism           |       |       |     4 |     4 ||     8
Evoke: Wand              |       |     3 |     5 |     4 ||    12
  Use: Potion            |     3 |       |     5 |     5 ||    13
       Scroll            |       |     7 |     9 |     1 ||    17
 Stab: Distracted        |       |     1 |       |       ||     1
       Sleeping          |       |     1 |       |       ||     1
       Invisible         |       |       |     2 |       ||     2
  Eat: Chunk             |     2 |     7 |    12 |     7 ||    28
       Ration            |       |       |     1 |       ||     1
Armor: Scale mail        |    59 |    50 |       |       ||   109
       Ring mail         |       |     7 |    27 |       ||    34
       Plate armour      |       |       |   248 |   151 ||   399
Dodge: Dodged            |    46 |    68 |   148 |   108 ||   370
Block: Shield            |    63 |    75 |   266 |   193 ||   597
       Rpst.: Long sword |       |     4 |    49 |    23 ||    76
